[Event "XVII MetLife Najdorf Open 2017"]
[Site "Warsaw"]
[Date "2017.07.15"]
[Round "7"]
[White "Siekanski, Janusz"]
[Black "Walter, Szymon"]
[Result "1-0"]
[ECO "D85"]
[WhiteElo "2287"]
[BlackElo "2220"]
[Annotator "NA RC"]
[PlyCount "65"]
[EventDate "2017.??.??"]
[EventType "swiss"]
[EventCountry "POL"]
[SourceTitle "playchess.com"]
[Source "ChessBase"]
[SourceQuality "1"]
[TimeControl "40/5400+30:1800+30"]

1. d4 Nf6 2. c4 g6 3. Nc3 d5 4. cxd5 Nxd5 5. e4 Nxc3 6. bxc3 Bg7 7. Qa4+ Nd7 8. Nf3 O-O 9. Bg5 c5 10. Qa3 Qc7 11. Bd3 cxd4 12. cxd4 Nc5 13. O-O Nxd3 14. Qxd3 Bg4 15. Rac1 Qd7 16. d5 Bxf3 17. Qxf3 e6 18. Rfd1 exd5 19. exd5 Rac8 20. h4 h5 21. Rxc8 Rxc8 22. d6 b5 23. Qd5 a5 24. g3 a4 25. Rb1 Rb8 26. Rc1 Rb7 27. a3 Kh7 28. Bd2 Bf6 29. Bb4 Ra7 30. Rc6 Rb7 31. Kh2 Kg7 32. Qc5 Qe6 33. d7 1-0

[Event "XVII MetLife Najdorf Open 2017"]
[Site "Warsaw"]
[Date "2017.07.15"]
[Round "7"]
[White "Othman, A  Moussa"]
[Black "Baasansuren, Erdene"]
[Result "1/2-1/2"]
[ECO "E84"]
[WhiteElo "2277"]
[BlackElo "2128"]
[Annotator "NA RC"]
[PlyCount "148"]
[EventDate "2017.??.??"]
[EventType "swiss"]
[EventCountry "POL"]
[SourceTitle "playchess.com"]
[Source "ChessBase"]
[SourceQuality "1"]
[TimeControl "40/5400+30:1800+30"]

1. d4 Nf6 2. c4 g6 3. Nc3 Bg7 4. e4 d6 5. f3 O-O 6. Be3 Nc6 7. Nge2 a6 8. Qd2 Rb8 9. Rc1 Bd7 10. h4 h5 11. Nd1 b5 12. c5 Re8 13. Nf2 dxc5 14. Rxc5 e5 15. d5 Ne7 16. Qc1 Bf8 17. Rxc7 Nexd5 18. exd5 Bb4+ 19. Bd2 Bxd2+ 20. Kxd2 Nxd5 21. Rc5 Bf5 22. Ke1 e4 23. fxe4 Bxe4 24. Qd2 Ne3 25. Nxe4 Rxe4 26. Qxd8+ Rxd8 27. Kf2 Ng4+ 28. Kg1 Rd2 29. Rh3 Rexe2 30. Bxe2 Rxe2 31. Rf3 Rxb2 32. a3 Ra2 33. Rc7 Ne5 34. Rfc3 Nc4 35. Rf3 Ne5 36. Rfc3 Nc4 37. Ra7 a5 38. Rb3 a4 39. Rxb5 Rxa3 40. Rb4 Ra1+ 41. Kh2 Ne3 42. Rbxa4 Rf1 43. Ra3 Ng4+ 44. Kg3 Nh6 45. Ra1 Rf6 46. R7a6 Rf5 47. R6a3 Kg7 48. Rf3 Rb5 49. Ra4 Nf5+ 50. Kh3 Nh6 51. Kg3 Nf5+ 52. Kf2 Rb2+ 53. Kf1 Rb1+ 54. Kf2 Rb2+ 55. Kg1 Rb1+ 56. Rf1 Rb2 57. Raf4 Nh6 58. Kh2 Rb3 59. Kg1 Rb2 60. R1f2 Rb1+ 61. Rf1 Rb2 62. R4f2 Rb3 63. Rf3 Rb4 64. g3 Rb2 65. R1f2 Rb7 66. Rd2 Re7 67. Kf1 Nf5 68. Kf2 Nh6 69. Re2 Ng4+ 70. Ke1 Rd7 71. Re4 Nf6 72. Re2 Ng4 73. Re4 Nf6 74. Re2 Ng4 1/2-1/2

[Event "XVII MetLife Najdorf Open 2017"]
[Site "Warsaw"]
[Date "2017.07.15"]
[Round "7"]
[White "Chylewski, Patryk"]
[Black "Lewtak, Damian"]
[Result "0-1"]
[ECO "B66"]
[WhiteElo "2275"]
[BlackElo "2341"]
[Annotator "RC"]
[PlyCount "62"]
[EventDate "2017.??.??"]
[EventType "swiss"]
[EventCountry "POL"]
[SourceTitle "playchess.com"]
[Source "ChessBase"]
[SourceQuality "1"]
[TimeControl "40/5400+30:1800+30"]

1. e4 c5 2. Nf3 d6 3. d4 cxd4 4. Nxd4 Nf6 5. Nc3 Nc6 6. Bg5 e6 7. Qd2 a6 8. O-O-O h6 9. Bxf6 Qxf6 10. Nb3 Qd8 11. Kb1 Bd7 12. f4 Qc7 13. g3 Be7 14. Bg2 b5 15. Rhe1 b4 16. Ne2 e5 17. Qd3 O-O 18. c4 bxc3 19. Nxc3 Nb4 20. Qd2 Be6 21. Nd5 Nxd5 22. exd5 Bf5+ 23. Ka1 exf4 24. Qxf4 Bg6 25. Nd4 Bf6 26. Nc6 Rab8 27. Re2 Rb5 28. g4 Qb6 29. Qc1 Kh7 30. h4 Re8 31. Red2 Rc5 0-1

[Event "XVII MetLife Najdorf Open 2017"]
[Site "Warsaw"]
[Date "2017.07.15"]
[Round "7"]
[White "Nowicki, Bartosz"]
[Black "Prithu Gupta"]
[Result "1-0"]
[ECO "C72"]
[WhiteElo "2262"]
[BlackElo "2293"]
[Annotator "NA RC"]
[PlyCount "75"]
[EventDate "2017.??.??"]
[EventType "swiss"]
[EventCountry "POL"]
[SourceTitle "playchess.com"]
[Source "ChessBase"]
[SourceQuality "1"]
[TimeControl "40/5400+30:1800+30"]

1. e4 e5 2. Nf3 Nc6 3. Bb5 a6 4. Ba4 d6 5. O-O Bd7 6. c3 Nf6 7. Re1 g6 8. d4 Bg7 9. d5 Ne7 10. c4 O-O 11. c5 Bxa4 12. Qxa4 dxc5 13. Nxe5 Qd6 14. Nc4 b5 15. Nxd6 bxa4 16. Nc4 Rfe8 17. Bd2 Nc8 18. f3 Nd6 19. Nba3 Nd7 20. Bf4 Rab8 21. Rac1 Bxb2 22. Nxb2 Rxb2 23. Nc4 Rxa2 24. Nxd6 cxd6 25. Bxd6 Rc8 26. Re3 Rb2 27. Rc4 Rb3 28. Kf2 Rxe3 29. Kxe3 Nb6 30. Rc3 c4 31. Bb4 Na8 32. Kd4 Nc7 33. Rxc4 Nb5+ 34. Kd3 Rb8 35. Be7 a3 36. Ra4 Rc8 37. d6 Rc1 38. Kd2 1-0

[Event "XVII MetLife Najdorf Open 2017"]
[Site "Warsaw"]
[Date "2017.07.15"]
[Round "7"]
[White "Zlatin, Alexander"]
[Black "Godzwon, Iwo"]
[Result "1-0"]
[ECO "B22"]
[WhiteElo "2259"]
[BlackElo "2205"]
[Annotator "NA RC"]
[PlyCount "169"]
[EventDate "2017.??.??"]
[EventType "swiss"]
[EventCountry "POL"]
[SourceTitle "playchess.com"]
[Source "ChessBase"]
[SourceQuality "1"]
[TimeControl "40/5400+30:1800+30"]

1. e4 c5 2. c3 d5 3. exd5 Qxd5 4. d4 Nc6 5. Nf3 Bf5 6. Be3 Nf6 7. Qb3 cxd4 8. Bc4 Na5 9. Bb5+ Bd7 10. Qxd5 Nxd5 11. Bxd7+ Kxd7 12. Bxd4 f6 13. Nbd2 e5 14. Be3 Ke6 15. O-O-O Nxe3 16. fxe3 Rc8 17. e4 Be7 18. Rhf1 Bc5 19. Nh4 g6 20. Rf3 Rhf8 21. g4 Be7 22. Ng2 f5 23. gxf5+ gxf5 24. exf5+ Rxf5 25. Rxf5 Kxf5 26. Ne3+ Ke6 27. Ne4 Nc6 28. Kd2 Rd8+ 29. Ke2 Rxd1 30. Nxd1 Nb8 31. Ne3 Nd7 32. Kf3 Nc5 33. Nxc5+ Bxc5 34. Nc4 Kf5 35. Nd2 Bg1 36. h3 Bc5 37. Ne4 Be7 38. Ng3+ Ke6 39. Ke4 Bg5 40. Ne2 h6 41. Ng1 Bc1 42. b3 Bb2 43. Ne2 a5 44. a4 Ba3 45. Ng3 Bc1 46. Nf5 Bd2 47. c4 Bc1 48. Nh4 Bb2 49. Ng2 Kf6 50. Ne1 Bd4 51. Nd3 Ke6 52. Ne1 Bb2 53. Nf3 Bc3 54. Nh4 Be1 55. Nf5 Bd2 56. c5 Bb4 57. Nxh6 Bxc5 58. Nf5 Kf6 59. h4 Ba3 60. h5 Bb2 61. Nd6 Kg5 62. Nxb7 Bc3 63. Nd6 Kxh5 64. Nc4 Kg5 65. Nxe5 Kf6 66. Nc6 Ke6 67. Kd3 Be1 68. Kc4 Kd6 69. Kb5 Kc7 70. Nxa5 Kb8 71. Nc6+ Kb7 72. a5 Bf2 73. b4 Bg1 74. Nd8+ Ka7 75. Kc6 Ka6 76. Nb7 Bh2 77. Nc5+ Ka7 78. b5 Bg3 79. b6+ Ka8 80. Na6 Bf4 81. Nc7+ Kb8 82. a6 Bxc7 83. a7+ Ka8 84. bxc7 Kxa7 85. c8=R 1-0

[Event "XVII MetLife Najdorf Open 2017"]
[Site "Warsaw"]
[Date "2017.07.15"]
[Round "7"]
[White "Yogesh, Gautam"]
[Black "Paszewski, Mateusz"]
[Result "0-1"]
[ECO "B71"]
[WhiteElo "2243"]
[BlackElo "2323"]
[Annotator "NA RC"]
[PlyCount "96"]
[EventDate "2017.??.??"]
[EventType "swiss"]
[EventCountry "POL"]
[SourceTitle "playchess.com"]
[Source "ChessBase"]
[SourceQuality "1"]
[TimeControl "40/5400+30:1800+30"]

1. e4 c5 2. Nf3 d6 3. d4 cxd4 4. Nxd4 Nf6 5. Nc3 g6 6. f4 Nc6 7. Nxc6 bxc6 8. e5 Nd7 9. exd6 exd6 10. Be3 Be7 11. Qd2 O-O 12. O-O-O Rb8 13. Kb1 d5 14. f5 Qa5 15. Bd4 Bf6 16. b3 Bxd4 17. Qxd4 Nc5 18. g4 Rb4 19. Qd2 d4 20. Ne2 d3 21. Nd4 Ne4 22. Qxd3 Nf2 23. Nxc6 Nxd3 24. Nxa5 Nf2 25. Bc4 gxf5 26. gxf5 Nxh1 27. Rxh1 Bxf5 28. Rg1+ Bg6 29. Re1 Rb6 30. Re7 Rf6 31. Re2 Rc8 32. Kb2 Kf8 33. b4 Rf4 34. Kb3 f6 35. Bd5 Rf1 36. c4 f5 37. Nc6 f4 38. Nxa7 Re8 39. Rd2 f3 40. Rd4 f2 41. Ka4 Kg7 42. Rd2 Rf8 43. c5 Rc1 44. Bg2 Be4 45. Bh3 Rf7 46. Nc8 Rc2 47. Rd1 Rc3 48. Bf1 Bc2+ 0-1

[Event "XVII MetLife Najdorf Open 2017"]
[Site "Warsaw"]
[Date "2017.07.15"]
[Round "7"]
[White "Kowalczyk, Rafal"]
[Black "Schroeder, Kevin"]
[Result "0-1"]
[ECO "B10"]
[WhiteElo "2240"]
[BlackElo "2321"]
[Annotator "NA RC"]
[PlyCount "98"]
[EventDate "2017.??.??"]
[EventType "swiss"]
[EventCountry "POL"]
[SourceTitle "playchess.com"]
[Source "ChessBase"]
[SourceQuality "1"]
[TimeControl "40/5400+30:1800+30"]

1. e4 c6 2. Ne2 g6 3. d4 Bg7 4. g3 d5 5. Nbc3 dxe4 6. Nxe4 Bg4 7. Bg2 Nf6 8. Nxf6+ Bxf6 9. c3 e5 10. h3 Bf5 11. Be3 Nd7 12. d5 cxd5 13. Bxd5 Qe7 14. Bxb7 Rb8 15. Qd5 O-O 16. b3 Rfd8 17. Bc6 Rbc8 18. Qg2 e4 19. Bxd7 Qxd7 20. g4 Rxc3 21. O-O Rxe3 22. fxe3 Bxa1 23. Rxa1 Be6 24. Qxe4 Qd2 25. Nf4 Bc8 26. Rf1 Qd7 27. Qe5 Bb7 28. Rf2 Qc6 29. e4 Re8 30. Qa1 Qxe4 31. Kh2 Rc8 32. Qd1 Qe3 33. Qd2 Qb6 34. Re2 Qc6 35. Re1 Qf3 36. Re2 Qh1+ 37. Kg3 Qg1+ 38. Kh4 Qa1 39. Qb2 Qxb2 40. Rxb2 Rc3 41. g5 Bc8 42. Rh2 h6 43. gxh6 Kh7 44. Nd5 Rf3 45. Ne7 Be6 46. Rg2 Kxh6 47. Ng8+ Kh7 48. Ne7 f6 49. Rh2 Kh6 0-1

[Event "XVII MetLife Najdorf Open 2017"]
[Site "Warsaw"]
[Date "2017.07.15"]
[Round "7"]
[White "Michalczak, Thomas"]
[Black "Paramzina, Anastasya"]
[Result "1/2-1/2"]
[ECO "B22"]
[WhiteElo "2239"]
[BlackElo "2166"]
[Annotator "NA RC"]
[PlyCount "141"]
[EventDate "2017.??.??"]
[EventType "swiss"]
[EventCountry "POL"]
[SourceTitle "playchess.com"]
[Source "ChessBase"]
[SourceQuality "1"]
[TimeControl "40/5400+30:1800+30"]

1. e4 c5 2. c3 Nf6 3. e5 Nd5 4. Nf3 d6 5. d4 cxd4 6. cxd4 Nc6 7. Bc4 dxe5 8. Nxe5 e6 9. O-O Bd6 10. Nf3 O-O 11. Nc3 b6 12. Re1 Nce7 13. Bd3 h6 14. Qe2 Nb4 15. Bh7+ Kxh7 16. Qe4+ Nf5 17. Qxa8 Nc2 18. Bd2 Nxa1 19. Rxa1 Qd7 20. Rd1 b5 21. a3 Bb7 22. Qxa7 Ra8 23. Qb6 Bxf3 24. gxf3 Rb8 25. Qa6 Nxd4 26. Be3 Bc5 27. Bxd4 Bxd4 28. a4 e5 29. axb5 Qh3 30. Qd6 Re8 31. Qd5 Re6 32. Kh1 Rd6 33. Qe4+ f5 34. Qe2 e4 35. fxe4 Be5 36. f3 Rxd1+ 37. Nxd1 Bxh2 38. exf5 Be5+ 39. Kg1 Bd4+ 40. Nf2 Bxf2+ 41. Kxf2 Qh2+ 42. Ke1 Qg1+ 43. Kd2 Qc5 44. Qd3 Kh8 45. Qd8+ Kh7 46. Qd3 Kh8 47. b3 h5 48. Qd8+ Kh7 49. Qg5 Qd5+ 50. Kc2 Qxf3 51. Qg6+ Kh8 52. b6 h4 53. f6 Qc6+ 54. Kb2 gxf6 55. Qh5+ Kg7 56. Qg4+ Kf7 57. Qh5+ Ke6 58. Qg4+ Kf7 59. Qc4+ Qxc4 60. bxc4 h3 61. b7 h2 62. b8=Q h1=Q 63. Qc7+ Ke6 64. c5 Qd5 65. Ka3 Qd7 66. Qb6+ Kd5 67. Kb4 f5 68. Qb8 f4 69. Qa8+ Qc6 70. Qxc6+ Kxc6 71. Kc4 1/2-1/2

[Event "XVII MetLife Najdorf Open 2017"]
[Site "Warsaw"]
[Date "2017.07.15"]
[Round "7"]
[White "Khalafova, Narmin"]
[Black "Kiolbasa, Oliwia"]
[Result "1/2-1/2"]
[ECO "D00"]
[WhiteElo "2224"]
[BlackElo "2253"]
[Annotator "NA RC"]
[PlyCount "116"]
[EventDate "2017.??.??"]
[EventType "swiss"]
[EventCountry "POL"]
[SourceTitle "playchess.com"]
[Source "ChessBase"]
[SourceQuality "1"]
[TimeControl "40/5400+30:1800+30"]

1. d4 d5 2. Bf4 Nf6 3. e3 c5 4. c3 Nc6 5. Nd2 Bf5 6. Qb3 Qb6 7. dxc5 Qxb3 8. Nxb3 e5 9. Bg3 Ne4 10. Bb5 f6 11. Na5 Bd7 12. Nxb7 Rb8 13. Bxc6 Bxc6 14. Na5 Ba8 15. O-O-O Bxc5 16. Ne2 O-O 17. Kb1 Rfc8 18. Nb3 Bf8 19. f3 Nxg3 20. Nxg3 Rb5 21. Ka1 a5 22. Nc1 Rcb8 23. Rd2 a4 24. Nce2 Bc5 25. e4 Be3 26. Rc2 g6 27. Rd1 Rc8 28. Kb1 Bb7 29. c4 dxc4 30. Nc3 Rb4 31. a3 Rb3 32. Rd6 Rc6 33. Rd8+ Kg7 34. Rd7+ Kf8 35. Nd5 Bd4 36. Nb4 Rb6 37. Ne2 Bc5 38. Nc1 Bxb4 39. Nxb3 axb3 40. Rxc4 Bd6 41. Rxh7 Rc6 42. Rc3 Rxc3 43. bxc3 Ba6 44. Kb2 Be7 45. Rh8+ Kg7 46. Rb8 Bf1 47. a4 Bxg2 48. a5 Bxf3 49. a6 Bxe4 50. a7 f5 51. Kxb3 f4 52. a8=Q Bxa8 53. Rxa8 Kf6 54. Kc4 Kf5 55. Re8 Bf6 56. Kd3 e4+ 57. Rxe4 Bxc3 58. Re8 Bb2 1/2-1/2

[Event "XVII MetLife Najdorf Open 2017"]
[Site "Warsaw"]
[Date "2017.07.15"]
[Round "7"]
[White "Zaleski, Lukasz"]
[Black "Mulet, Piotr"]
[Result "1/2-1/2"]
[ECO "C15"]
[WhiteElo "2220"]
[BlackElo "2307"]
[Annotator "NA RC"]
[PlyCount "148"]
[EventDate "2017.??.??"]
[EventType "swiss"]
[EventCountry "POL"]
[SourceTitle "playchess.com"]
[Source "ChessBase"]
[SourceQuality "1"]
[TimeControl "40/5400+30:1800+30"]

1. e4 e6 2. d4 d5 3. Nc3 Bb4 4. exd5 exd5 5. Bd3 Nf6 6. Nge2 O-O 7. Bg5 h6 8. Bh4 c6 9. f3 b6 10. O-O Ba6 11. Bxa6 Nxa6 12. Qd3 Nc7 13. Nd1 Re8 14. c3 Be7 15. Ne3 Nh5 16. Bg3 Bg5 17. f4 Bh4 18. Nf5 Bxg3 19. Nexg3 Nxg3 20. Nxg3 Nb5 21. f5 Qg5 22. Rae1 Rxe1 23. Rxe1 Nd6 24. b3 b5 25. Qe3 Re8 26. Qxg5 Rxe1+ 27. Kf2 hxg5 28. Kxe1 a5 29. Ke2 Kf8 30. Kf3 Ke7 31. Kg4 f6 32. h4 gxh4 33. Kxh4 b4 34. cxb4 axb4 35. Kg4 Nb5 36. Ne2 Nc3 37. Nc1 Kf7 38. Kf4 Kg8 39. g4 Kf7 40. g5 fxg5+ 41. Kxg5 Ne4+ 42. Kf4 Nc3 43. Nd3 Nxa2 44. Kg5 Nc3 45. Ne5+ Kf8 46. Nxc6 Ne4+ 47. Kf4 Nd2 48. Na5 Kf7 49. Ke5 Nf3+ 50. Kxd5 Kf6 51. Ke4 Ng5+ 52. Kf4 Nh3+ 53. Kg4 Nf2+ 54. Kf3 Nh3 55. Kg3 Ng5 56. Kg4 Nf7 57. Kf4 Nd6 58. Nc6 Nxf5 59. Ke4 g5 60. Nxb4 g4 61. Nc2 g3 62. Ne1 Ke6 63. Ng2 Nd6+ 64. Ke3 Nf5+ 65. Kd3 Kd5 66. Nf4+ Kd6 67. Ke4 Nh4 68. Ne2 g2 69. b4 Ng6 70. b5 Nf8 71. Kf3 Nd7 72. Kxg2 Kd5 73. Kf3 Kc4 74. Ke4 Kxb5 1/2-1/2

[Event "XVII MetLife Najdorf Open 2017"]
[Site "Warsaw"]
[Date "2017.07.15"]
[Round "7"]
[White "Bus, Konrad"]
[Black "Kucza, Karol"]
[Result "1-0"]
[ECO "A13"]
[WhiteElo "2219"]
[BlackElo "2297"]
[Annotator "RC"]
[PlyCount "94"]
[EventDate "2017.??.??"]
[EventType "swiss"]
[EventCountry "POL"]
[SourceTitle "playchess.com"]
[Source "ChessBase"]
[SourceQuality "1"]
[TimeControl "40/5400+30:1800+30"]

1. c4 e6 2. Nf3 d5 3. d4 Nf6 4. g3 Bb4+ 5. Bd2 Be7 6. Bg2 O-O 7. O-O c6 8. Bf4 dxc4 9. Ne5 Nd5 10. Nxc4 Nxf4 11. gxf4 b6 12. Nc3 Qc7 13. e3 Ba6 14. b3 Nd7 15. Qc2 b5 16. Nb2 b4 17. Ne2 Rac8 18. Rfd1 c5 19. Rac1 Nb6 20. dxc5 Qxc5 21. Qxc5 Rxc5 22. Nd4 Rfc8 23. Rxc5 Bxc5 24. Bf1 Bb7 25. Bg2 Bxg2 26. Kxg2 Nd5 27. Rc1 Nc3 28. Na4 Bxd4 29. exd4 Rc7 30. Kf3 Nb5 31. Rxc7 Nxc7 32. Ke4 Kf8 33. Kd3 Ke7 34. Kc4 Kd6 35. Kxb4 Kd5 36. Nc3+ Kxd4 37. Nb5+ Nxb5 38. Kxb5 f5 39. Kc6 Kc3 40. a4 Kb4 41. h4 a6 42. Kb6 a5 43. Ka6 g6 44. Kb6 h6 45. Ka6 e5 46. fxe5 Kc5 47. Kxa5 g5 1-0

[Event "XVII MetLife Najdorf Open 2017"]
[Site "Warsaw"]
[Date "2017.07.15"]
[Round "7"]
[White "Zherebtsova, Alexandra"]
[Black "Omar, Noaman"]
[Result "0-1"]
[ECO "A09"]
[WhiteElo "2219"]
[BlackElo "2354"]
[Annotator "NA RC"]
[PlyCount "96"]
[EventDate "2017.??.??"]
[EventType "swiss"]
[EventCountry "POL"]
[SourceTitle "playchess.com"]
[Source "ChessBase"]
[SourceQuality "1"]
[TimeControl "40/5400+30:1800+30"]

1. Nf3 d5 2. c4 d4 3. b4 c5 4. bxc5 Nc6 5. g3 e5 6. d3 Bxc5 7. Bg2 Nf6 8. O-O O-O 9. Nbd2 h6 10. Nb3 Be7 11. Bb2 Bg4 12. Qd2 Bb4 13. Qc1 Re8 14. h3 Be6 15. e3 dxe3 16. Qxe3 Qd7 17. Kh2 Bf5 18. Rfd1 Rad8 19. a3 Bd6 20. Nh4 Bh7 21. Qc1 b6 22. Qc3 Bc5 23. Nxc5 bxc5 24. Rab1 Rb8 25. Nf3 Rb6 26. Ba1 Rxb1 27. Rxb1 Nd4 28. Nxd4 exd4 29. Qd2 Qf5 30. Rb3 h5 31. Bb2 h4 32. Bc1 hxg3+ 33. fxg3 Bg6 34. Qf4 Re1 35. Qxf5 Bxf5 36. Bf4 Rd1 37. Rb5 Nd7 38. Bc6 Rxd3 39. g4 Be6 40. Rb7 g5 41. Bxg5 Ne5 42. Be4 Rxa3 43. Be7 Re3 44. Bg2 d3 45. Rb1 d2 46. Rd1 Nxc4 47. Bxc5 Re1 48. Bf3 Ne5 0-1

[Event "XVII MetLife Najdorf Open 2017"]
[Site "Warsaw"]
[Date "2017.07.15"]
[Round "7"]
[White "Baltic, Fatih"]
[Black "Bednarek, Sylwester"]
[Result "0-1"]
[ECO "C18"]
[WhiteElo "2210"]
[BlackElo "2309"]
[Annotator "RC"]
[PlyCount "60"]
[EventDate "2017.??.??"]
[EventType "swiss"]
[EventCountry "POL"]
[SourceTitle "playchess.com"]
[Source "ChessBase"]
[SourceQuality "1"]
[TimeControl "40/5400+30:1800+30"]

1. e4 e6 2. d4 d5 3. Nc3 Bb4 4. e5 c5 5. a3 Bxc3+ 6. bxc3 Qa5 7. Bd2 Qa4 8. Qg4 Kf8 9. Qd1 b6 10. Nf3 Ne7 11. Qb1 Ba6 12. dxc5 bxc5 13. Qb3 Qxb3 14. cxb3 Bxf1 15. Rxf1 Nd7 16. b4 f6 17. O-O-O Kf7 18. Rfe1 a5 19. Kb2 Rhb8 20. Rc1 Nb6 21. Kc2 axb4 22. axb4 Ra2+ 23. Kd3 Nc4 24. Ra1 Rba8 25. Rxa2 Rxa2 26. bxc5 Nc6 27. Re2 fxe5 28. Ng5+ Kg6 29. f4 h6 30. Ne4 exf4 0-1

[Event "XVII MetLife Najdorf Open 2017"]
[Site "Warsaw"]
[Date "2017.07.15"]
[Round "7"]
[White "Aditya Mittal"]
[Black "Prince, Bajaj"]
[Result "0-1"]
[ECO "E20"]
[WhiteElo "2203"]
[BlackElo "2344"]
[Annotator "RC"]
[PlyCount "76"]
[EventDate "2017.??.??"]
[EventType "swiss"]
[EventCountry "POL"]
[SourceTitle "playchess.com"]
[Source "ChessBase"]
[SourceQuality "1"]
[TimeControl "40/5400+30:1800+30"]

1. d4 Nf6 2. c4 e6 3. Nc3 Bb4 4. f3 c5 5. d5 d6 6. e4 b5 7. Nge2 exd5 8. cxd5 O-O 9. Ng3 a6 10. Be2 Nbd7 11. O-O c4 12. Kh1 Nc5 13. Be3 Re8 14. Bd4 h5 15. Kg1 h4 16. Nh1 Nh5 17. a3 Ba5 18. Bxc5 dxc5 19. f4 Nf6 20. e5 b4 21. Na4 Nxd5 22. Bxc4 Ne3 23. Bxf7+ Kxf7 24. Qb3+ Nd5 25. Rad1 Bb7 26. Nxc5 Bb6 27. axb4 Bc6 28. Nf2 Bxc5 29. bxc5 Rb8 30. Qf3 Kg8 31. Ne4 Rf8 32. Qg4 Qc8 33. Qxh4 Ne3 34. Nd6 Qe6 35. Rd3 Rxb2 36. Rf3 Rxg2+ 37. Kh1 Bxf3 38. Rxe3 Rg4+ 0-1

[Event "XVII MetLife Najdorf Open 2017"]
[Site "Warsaw"]
[Date "2017.07.15"]
[Round "7"]
[White "Szustakowski, Antoni"]
[Black "Das, Sayantan"]
[Result "0-1"]
[ECO "B40"]
[WhiteElo "2171"]
[BlackElo "2399"]
[Annotator "NA RC"]
[PlyCount "78"]
[EventDate "2017.??.??"]
[EventType "swiss"]
[EventCountry "POL"]
[SourceTitle "playchess.com"]
[Source "ChessBase"]
[SourceQuality "1"]
[TimeControl "40/5400+30:1800+30"]

1. e4 c5 2. Nf3 e6 3. g3 Nc6 4. Bg2 Nf6 5. Qe2 e5 6. O-O g6 7. d3 Bg7 8. c4 d6 9. h3 O-O 10. Nc3 a6 11. a4 Rb8 12. Ne1 b5 13. axb5 Nd4 14. Qd1 axb5 15. b3 Ne8 16. Be3 Nc7 17. Bxd4 exd4 18. Nd5 Nxd5 19. exd5 h5 20. f4 Bf5 21. Rf2 Re8 22. g4 hxg4 23. hxg4 Bc8 24. g5 Bf5 25. Bf3 Re3 26. Qc2 f6 27. Rg2 Qe7 28. Qd2 Re8 29. Kf2 fxg5 30. fxg5 Qe5 31. cxb5 Rxf3+ 32. Kxf3 Bh3 33. Rg4 Qxd5+ 34. Re4 Bf5 35. Qf4 Bxe4+ 36. dxe4 Qxb3+ 37. Kg4 Be5 38. Qf3 Qe6+ 39. Kh4 Rf8 0-1

[Event "XVII MetLife Najdorf Open 2017"]
[Site "Warsaw"]
[Date "2017.07.15"]
[Round "7"]
[White "Antolak, Julia"]
[Black "Karpus, Michal"]
[Result "0-1"]
[ECO "C96"]
[WhiteElo "2144"]
[BlackElo "2291"]
[Annotator "RC"]
[PlyCount "84"]
[EventDate "2017.??.??"]
[EventType "swiss"]
[EventCountry "POL"]
[SourceTitle "playchess.com"]
[Source "ChessBase"]
[SourceQuality "1"]
[TimeControl "40/5400+30:1800+30"]

1. e4 e5 2. Nf3 Nc6 3. Bb5 a6 4. Ba4 Nf6 5. O-O Be7 6. Re1 b5 7. Bb3 d6 8. c3 O-O 9. h3 Na5 10. Bc2 c5 11. d4 Nd7 12. Nbd2 cxd4 13. cxd4 Nc6 14. Nf1 exd4 15. Nxd4 Nxd4 16. Qxd4 Ne5 17. f4 Nc6 18. Qc3 Bb7 19. Be3 Bf6 20. Qd2 Bxb2 21. Rad1 Ba3 22. Re2 g6 23. Nh2 Rc8 24. Bb3 Na5 25. Bd4 Bc5 26. Kh1 Nxb3 27. axb3 Bxd4 28. Qxd4 Qh4 29. Rf1 Rce8 30. Kg1 Re6 31. e5 dxe5 32. Rxe5 Rd8 33. Qb2 Rxe5 34. Qxe5 Bxg2 35. Kxg2 Rd2+ 36. Kh1 Qxh3 37. Qe8+ Kg7 38. Qe5+ f6 39. Qc7+ Kh6 40. Qe7 Kh5 41. Qc5+ f5 42. Qg1 Kh4 0-1

[Event "XVII MetLife Najdorf Open 2017"]
[Site "Warsaw"]
[Date "2017.07.15"]
[Round "7"]
[White "Ghadiri, Radmehr"]
[Black "Sahil, Tickoo"]
[Result "1-0"]
[ECO "D31"]
[WhiteElo "2125"]
[BlackElo "2234"]
[Annotator "NA RC"]
[PlyCount "83"]
[EventDate "2017.??.??"]
[EventType "swiss"]
[EventCountry "POL"]
[SourceTitle "playchess.com"]
[Source "ChessBase"]
[SourceQuality "1"]
[TimeControl "40/5400+30:1800+30"]

1. d4 d5 2. c4 e6 3. Nc3 Be7 4. cxd5 exd5 5. Bf4 c6 6. e3 Bf5 7. g4 Be6 8. h4 Nd7 9. g5 h6 10. g6 Ngf6 11. gxf7+ Bxf7 12. Bd3 Nh5 13. Nge2 Bxh4 14. Qc2 Qf6 15. O-O-O Bxf2 16. Kb1 Nxf4 17. Nxf4 Bxe3 18. Nfxd5 cxd5 19. Rde1 O-O 20. Rxe3 Qf4 21. Reh3 Rae8 22. Qg2 Kh8 23. Nxd5 Qd6 24. Ne3 Rxe3 25. Rxe3 Qxd4 26. Reh3 Qd6 27. Rg1 Rg8 28. Qe4 Nf6 29. Qxb7 Qe6 30. Rgh1 Qxa2+ 31. Kc1 Qa1+ 32. Kd2 Qa5+ 33. Kc1 Qa1+ 34. Bb1 Qa5 35. Qxf7 Qg5+ 36. Kd1 Qg4+ 37. Kc2 Qe4+ 38. Kb3 Rb8+ 39. Ka2 Qa4+ 40. Ra3 Qd4 41. Rh2 Nd5 42. Rxh6+ 1-0

[Event "XVII MetLife Najdorf Open 2017"]
[Site "Warsaw"]
[Date "2017.07.15"]
[Round "7"]
[White "Domanski, Lukasz"]
[Black "Kujawski, Adam"]
[Result "1/2-1/2"]
[ECO "C28"]
[WhiteElo "2113"]
[BlackElo "2300"]
[Annotator "RC"]
[PlyCount "76"]
[EventDate "2017.??.??"]
[EventType "swiss"]
[EventCountry "POL"]
[SourceTitle "playchess.com"]
[Source "ChessBase"]
[SourceQuality "1"]
[TimeControl "40/5400+30:1800+30"]

1. e4 e5 2. Bc4 Nc6 3. Nc3 Nf6 4. d3 Bb4 5. Nge2 d5 6. exd5 Nxd5 7. O-O Be6 8. Bxd5 Bxd5 9. f4 O-O 10. f5 f6 11. Nxd5 Qxd5 12. Ng3 Rad8 13. Ne4 Ba5 14. Qg4 Rd7 15. Kh1 Nb4 16. Qe2 Qc6 17. Nc3 Rfd8 18. a3 Nxc2 19. Qxc2 Rxd3 20. Qb3+ Kh8 21. Qe6 Qxe6 22. fxe6 Bxc3 23. bxc3 Re8 24. Rb1 b6 25. Bb2 Rxe6 26. Rbd1 Red6 27. Rxd3 Rxd3 28. Kg1 Kg8 29. c4 c5 30. Rf2 Kf7 31. Kf1 Ke6 32. Ke2 Rd7 33. g4 Rd8 34. Rf3 h6 35. h4 Rh8 36. h5 Rg8 37. Bc1 g5 38. Bb2 Rb8 1/2-1/2

[Event "XVII MetLife Najdorf Open 2017"]
[Site "Warsaw"]
[Date "2017.07.16"]
[Round "8"]
[White "Konguvel, Ponnuswamy"]
[Black "Eggink, Ryszard"]
[Result "1-0"]
[ECO "B94"]
[WhiteElo "2388"]
[BlackElo "2322"]
[Annotator "NA"]
[PlyCount "99"]
[EventDate "2017.??.??"]
[EventType "swiss"]
[EventCountry "POL"]
[SourceTitle "playchess.com"]
[Source "ChessBase"]
[SourceQuality "1"]
[TimeControl "40/5400+30:1800+30"]

1. e4 c5 2. Nf3 d6 3. d4 cxd4 4. Nxd4 Nf6 5. Nc3 a6 6. Bg5 Nbd7 7. Bc4 Qa5 8. Qd2 e6 9. O-O-O b5 10. Bb3 Bb7 11. Rhe1 O-O-O 12. a3 Be7 {[%emt 0:07:10] B94: Sicilian Najdorf: 6 Bg5 Nbd7} 13. Kb1 Kb8 14. f3 h6 (14... Rc8 15. Be3 h5 16. Ba2 h4 17. Bf2 Ne5 18. Qe3 Rxc3 19. Qxc3 Qxc3 20. bxc3 {1-0 (73) Vocaturo,D (2606)-Salinas Herrera,P (2466) Antofagasta 2017}) 15. Be3 g5 $146 ({Predecessor:} 15... Ne5 16. Na2 Qxd2 17. Bxd2 Nfd7 18. Bb4 Nc5 19. Nc1 g5 20. Ba2 {0-1 (41) Sherwin,J-Reshevsky,S New York 1959}) 16. Qf2 Rc8 17. Nde2 Qc7 18. Rd2 Ne5 19. Bb6 Qc6 20. Ba5 Bd8 21. Bxd8 Rhxd8 22. Red1 Rd7 23. Qg3 Rcd8 24. Rd4 Qc5 25. Qh3 h5 26. Qg3 Nc6 27. R4d2 h4 28. Qe1 Ne5 29. Nd4 Ng6 30. a4 b4 31. Nce2 d5 32. exd5 Nxd5 33. Bxd5 Rxd5 34. Nb3 Qb6 35. a5 Qb5 36. Rxd5 Rxd5 37. Rxd5 Bxd5 38. Ned4 Qc4 39. Qe3 f6 40. g3 hxg3 41. hxg3 Ne5 42. f4 gxf4 43. Qxf4 Qc7 (43... Kc7 $16 {was called for.}) 44. Qxf6 Qd6 {[%emt 0:02:24] [#]} 45. Nf5 $1 Qc7 46. Qf8+ Ka7 47. Nfd4 Nd7 48. Qe7 e5 49. Qxb4 $18 Be4 50. Nb5+ 1-0